 Dungeon Crawl Stone Soup version 0.14.1-1-g650416f (webtiles) character file.

1415 Heini the Cleaver (level 8, -1/63 HPs)
             Began as a Hill Orc Fighter on May 2, 2014.
             Was an Initiate of Okawaru.
             Slain by a neqoxec (4 damage)
             ... while paralysed
             ... on Level 1 of the Abyss.
             The game lasted 00:14:16 (4633 turns).

Heini the Cleaver (Hill Orc Fighter)                Turns: 4633, Time: 00:14:18

HP  -1/63        AC  8     Str 21      XL: 8   Next: 30%
MP   5/5         EV  2     Int -1 (6)  God: Okawaru [......]
Gold 333         SH  0     Dex  6 (10) Spells:  0 memorised,  7 levels left

rFire  . . .     SeeInvis .     a - +1,-1 war axe
rCold  . . .     Clarity  .     b - +0 scale mail
rNeg   . . .     Conserve .     c - +1 shield
rPois  .         rCorr    .     E - +2 helmet
rElec  .         rRot     .     (no cloak)
SustAb . .       Spirit   .     (no gloves)
rMut   .         Warding  .     (no boots)
Saprov + . .     Stasis   .     (no amulet)
MR     .....                    (no ring)
                                (no ring)

@: paralysed, lost intelligence, not resistant to hostile enchantments,
extremely unstealthy
A: deformed body, deterioration 3, dopey 1, herbivore 1, frail 1, low mp 3,
saprovore 1, screaming 3
a: Renounce Religion


You were on level 1 of the Abyss.
You worshipped Okawaru.
Okawaru was noncommittal.
You were not hungry.

You visited 2 branches of the dungeon, and saw 7 of its levels.
You visited the Abyss 1 time.

You collected 333 gold pieces.

Inventory:

Hand weapons
 a - a +1,-1 war axe (weapon)
Armour
 b - a +0 scale mail (worn)
 c - a +1 shield (worn)
 y - a -2 chain mail
 E - a +2 helmet (worn)
Magical devices
 z - a wand of enslavement (11) {unknown}
 A - a wand of cold (10) {unknown}
Comestibles
 d - a meat ration
 f - an apple
 D - 2 bread rations
 I - a choko
Scrolls
 g - 3 scrolls of enchant armour
 k - 2 scrolls of recharging
 l - 2 scrolls of blinking
 r - 6 scrolls of remove curse
 t - a scroll of random uselessness {unknown}
 B - 3 scrolls of teleportation {unknown}
 J - 3 scrolls of enchant weapon I
Jewellery
 m - a +4 ring of intelligence
 q - an uncursed ring of protection from fire {unknown}
 C - an uncursed ring of wizardry {unknown}
 K - an uncursed amulet of inaccuracy {unknown}
Potions
 e - 2 potions of might
 h - a potion of poison
 j - 2 potions of curing
 n - a potion of invisibility {unknown}
 o - 2 potions of brilliance
 s - a potion of paralysis {unknown}
 u - a potion of heal wounds {unknown}
 w - a potion of lignification {unknown}
 x - a potion of berserk rage {unknown}
Books
 p - a book of Death

   Spells                             Type                      Level
   Corpse Rot                         Necromancy                   2
   Sublimation of Blood               Necromancy                   2
   Agony                              Necromancy                   5
   Dispel Undead                      Necromancy                   5
   Excruciating Wounds                Charms/Necromancy            5
   Bolt of Draining                   Conjuration/Necromancy       5
 v - a book of Debilitation

   Spells                             Type                      Level
   Corona                             Hexes                        1
   Slow                               Hexes                        2
   Inner Flame                        Hexes/Fire                   3
   Enslavement                        Hexes                        4
   Cause Fear                         Hexes                        4
   Leda's Liquefaction                Hexes/Earth                  4


   Skills:
 * Level 6.6 Fighting
 * Level 8.3 Axes
 * Level 7.0 Armour
 - Level 3.2 Shields


You had 7 spell levels left.
You didn't know any spells.

Dungeon Overview and Level Annotations

Branches:
Dungeon (6/15)             Temple (1/1) D:6

Altars:
Ashenzari
Cheibriados
Elyvilon
Fedhas
Kikubaaqudgha
Nemelex Xobeh
Okawaru
Trog
Vehumet
The Shining One

Annotations:
D:6 Edmund


Innate Abilities, Weirdness & Mutations

You can tolerate rotten meat.
You digest meat inefficiently.
You are frail (-10% HP).
[Armour fits poorly on your strangely shaped body.]
[Your body is rapidly deteriorating.]
[You are dopey. (Int -2)]
[Your magical capacity is extremely low (-30% MP).]
[You frequently scream uncontrollably.]


Message History

The neqoxec barely misses you. You block the neqoxec's attack.
The neqoxec gestures at you.
Something tries to feed on your intellect!
You closely miss the neqoxec. You hit the neqoxec.
The neqoxec is lightly wounded.
The wretched star pulses with an eldritch light!
You feel less energetic.
You feel stupid.
You have lost your intelligence.
The neqoxec hits you.
* * * LOW HITPOINT WARNING * * *
The neqoxec gestures at you.
Strange energies course through your body.
The neqoxec hits you but does no damage. x2
The blink frog blinks!
The wretched star pulses with an eldritch light!
You feel a strong urge to yell.
You feel less energetic.
Your body twists and deforms.
You feel a strong urge to scream.
The white imp lashes its tail.
The neqoxec hits you.
You die...

#. # ... #.# .. # # .
### # # # #(# #.##### #
#. #.#.##########.#.....
..
#...F.§*3.355........5..
#
...#.#≈###@#########...
. # # ### #.### .# ..#
.#.# ## # # .


You could see a wretched star, a blink frog, 2 neqoxecs, an iron imp and a white
imp.

Vanquished Creatures
  2 centaurs
  A phantom (D:5)
  A giant frog (D:5)
  3 scorpions
  2 crimson imps (D:5)
  A jelly (D:5)
  A giant frog zombie (D:5)
  An orc priest (D:4)
  A quasit (D:6)
  4 worker ants
  6 orc wizards
  7 adders
  2 giant mites
  An adder skeleton (D:4)
  3 giant eyeballs (D:4)
  5 giant geckos
  2 oozes
  13 orcs
  5 ball pythons
  4 giant cockroaches
  11 hobgoblins
  4 jackals (D:4)
  2 quokkas
  9 bats
  5 giant newts
  9 goblins
  A goblin zombie (D:5)
  6 kobolds
  A kobold skeleton (D:4)
  A quokka zombie (D:5)
  10 rats
  A rat skeleton (D:4)
125 creatures vanquished.

Notes
Turn   | Place    | Note
--------------------------------------------------------------
     0 | D:1      | Heini, the Hill Orc Fighter, began the quest for the Orb.
     0 | D:1      | Reached XP level 1. HP: 19/19 MP: 1/1
    87 | D:1      | Reached XP level 2. HP: 24/27 MP: 2/2
   235 | D:1      | Reached skill level 4 in Fighting
   432 | D:1      | Reached XP level 3. HP: 33/33 MP: 3/3
   707 | D:2      | Found a radiant altar of Vehumet.
   707 | D:2      | Found a blossoming altar of Fedhas.
   846 | D:2      | Reached XP level 4. HP: 38/41 MP: 4/4
  1870 | D:3      | Reached XP level 5. HP: 47/47 MP: 5/5
  2097 | D:3      | Found a sparkling altar of Nemelex Xobeh.
  2337 | D:4      | Paralysed by a giant eyeball for 3 turns
  2381 | D:4      | Reached skill level 5 in Armour
  2440 | D:4      | Noticed a centaur
  2449 | D:4      | Killed a centaur
  2449 | D:4      | Reached skill level 5 in Fighting
  2449 | D:4      | Reached skill level 5 in Axes
  2449 | D:4      | Reached XP level 6. HP: 38/56 MP: 6/6
  2593 | D:4      | Paralysed by a giant eyeball for 4 turns
  2602 | D:4      | Paralysed by a giant eyeball for 2 turns
  2607 | D:4      | Paralysed by a giant eyeball for 2 turns
  2982 | D:4      | Paralysed by a giant eyeball for 4 turns
  2991 | D:4      | Reached XP level 7. HP: 53/61 MP: 7/7
  3014 | D:4      | Reached skill level 6 in Axes
  3101 | D:5      | Entered Level 5 of the Dungeon
  3515 | D:5      | Reached skill level 7 in Axes
  3782 | D:5      | Reached XP level 8. HP: 70/70 MP: 8/8
  4220 | D:6      | Reached skill level 8 in Axes
  4271 | D:6      | Found a staircase to the Ecumenical Temple.
  4272 | D:6      | Noticed Edmund
  4289 | Temple   | Entered the Ecumenical Temple
  4305 | Temple   | Became a worshipper of Warmaster Okawaru
  4492 | D:6      | Cast into the Abyss (Edmund)
  4492 | Abyss:1  | Found a corrupted altar of Lugonu.
  4532 | Abyss:1  | Noticed a smoke demon
  4532 | Abyss:1  | Gained mutation: [Your body is slowly deteriorating.] [a neqoxec]
  4553 | Abyss:1  | Noticed a blink frog
  4553 | Abyss:1  | Noticed a blink frog
  4553 | Abyss:1  | Noticed a blink frog
  4553 | Abyss:1  | Noticed a blink frog
  4555 | Abyss:1  | Noticed a blink frog
  4582 | Abyss:1  | Gained mutation: [You occasionally shout uncontrollably.] [a neqoxec]
  4588 | Abyss:1  | Gained mutation: You are frail (-10% HP). [a neqoxec]
  4627 | Abyss:1  | Noticed a wretched star
  4627 | Abyss:1  | Gained mutation: You digest meat inefficiently. [a neqoxec]
  4631 | Abyss:1  | Lost intelligence.
  4631 | Abyss:1  | HP: 3/63 [neqoxec (3)]
  4633 | Abyss:1  | Slain by a neqoxec

Action                   |  1- 3 |  4- 6 |  7- 9 || total
-------------------------+-------+-------+-------++-------
Melee: War axe           |    94 |   193 |   198 ||   485
  Use: Scroll            |     2 |     7 |     1 ||    10
       Potion            |       |       |     1 ||     1
